 Dungeon Crawl Stone Soup version 0.29-a0-11-ga75d3d97ab (webtiles) character file.

Game seed: 5726331739141091234

14 horus123 the Grave Robber (level 2, 0/15 HPs)
             Began as a Deep Elf Necromancer on Jan 29, 2022.
             Killed from afar by a dart slug (1 damage)
             ... with a slug dart
             ... on level 1 of the Dungeon.
             The game lasted 00:01:04 (384 turns).

horus123 the Grave Robber (Deep Elf Necromancer)     Turns: 384, Time: 00:01:06

Health: 0/15       AC:  2    Str:  5    XL:     2   Next: 27%
Magic:  0/9        EV: 12    Int: 19    God:
Gold:   18         SH:  0    Dex: 15    Spells: 8/9 levels left

rFire   . . .      SeeInvis .   b - +0 short sword
rCold   . . .      Faith    .   (no shield)
rNeg    . . .      Spirit   .   a - +0 robe
rPois   .          Reflect  .   (no helmet)
rElec   .          Harm     .   (no cloak)
rCorr   .          Rampage  .   (no gloves)
Will    .....                   (no boots)
Stlth   ++........              (no amulet)
HPRegen 0.05/turn               (no ring)
MPRegen 0.11/turn               (no ring)

@: no status effects
A: no striking features
a: no special abilities


You were on level 1 of the Dungeon.
You visited 1 branch of the dungeon, and saw 1 of its levels.

You collected 18 gold pieces.

Inventory:

Hand Weapons
 b - a +0 short sword (weapon)
Armour
 a - a +0 robe (worn)


   Skills:
 - Level 2.4 Dodging
 - Level 2.4 Stealth
 - Level 4.0 Spellcasting
 + Level 5.0 Necromancy


You had 8 spell levels left.
You knew the following spells:

 Your Spells              Type           Power      Damage    Failure   Level
a - Pain                  Necr           88%        1d8       1%          1

Your spell library contained the following spells:

 Spells                   Type           Power      Damage    Failure   Level
 Animate Skeleton         Necr           44%        N/A       1%          1
 Vampiric Draining        Necr           22%        2d7       5%          3
 Animate Dead             Necr           11%        N/A       17%         4
 Agony                    Necr           22%        N/A       43%         5


Dungeon Overview and Level Annotations

Branches:
Dungeon (1/15)

Altars:


Message History

* * * LOW HITPOINT WARNING * * *
The jackal closely misses you.
You barely miss the jackal.
The jackal is moderately wounded.
The jackal closely misses you. The jackal barely misses you.
You hit the jackal but do no damage.
The jackal is moderately wounded.
The jackal closely misses you.
You hit the jackal but do no damage.
The jackal is moderately wounded.
The jackal closely misses you. The jackal misses you.
Aiming: Pain (safe; 1% risk of failure)
Press: ? - help, Q - select action Shift-Dir - straight line, f/p - jackal
Aim: a jackal (moderately wounded, chance to affect: 91%)
The jackal writhes in agony.
The jackal barely misses you.
You barely miss the jackal.
The jackal is severely wounded.
The jackal bites you but does no damage.
The jackal bites you.
* * * LOW HITPOINT WARNING * * *
You hit the jackal.
You kill the jackal!
Your Necromancy skill increases to level 5!
You hit the dart slug but do no damage. You hit the dart slug but do no damage.
The dart slug completely misses you.
You hit the dart slug but do no damage. The dart slug launches a dart at you.
The slug dart misses you.
You hit the dart slug but do no damage. The dart slug launches a dart at you.
The slug dart misses you.
You hit the dart slug but do no damage.
Aiming: Pain (safe; 1% risk of failure)
Press: ? - help, Q - select action Shift-Dir - straight line, f - dart slug
Aim: a dart slug (chance to affect: 91%)
The dart slug writhes in agony.
The dart slug launches a dart at you. The slug dart hits you.
You die...

#.# .# #.# .#
#.### .. #...##.#
###....#
########...##
..........##
######.#### #####
#.....######.w@#
.##.#†#..).....###
..)......#######
#...#.#..#
...........#
#.......##..#
###......##.#
....###..#.# #.###
#....


You could see a dart slug.

Vanquished Creatures
  2 bats (D:1)
  An endoplasm (D:1)
  A giant cockroach (D:1)
  2 goblins (D:1)
  A hobgoblin (D:1)
  2 jackals (D:1)
  2 kobolds (D:1)
  A rat (D:1)
12 creatures vanquished.

Notes
Turn   | Place    | Note
-------+----------+-------------------------------------------
     0 | D:1      | horus123 the Deep Elf Necromancer began the quest for the
                  | Orb.
     0 | D:1      | Reached XP level 1. HP: 10/10 MP: 6/6
   341 | D:1      | Reached XP level 2. HP: 12/15 MP: 6/9
   379 | D:1      | Reached skill level 5 in Necromancy
   384 | D:1      | Killed from afar by a dart slug

Illustrated notes

Levels and vault maps discovered:
D:1:      wheals_arrival_shading, layout_rooms, serial_glass, glass_columns_c,
          glass_columns_b, glass_columns_a, glass_columns_a

Skill      XL: |  1  2 |
---------------+-------+-----
Spellcasting   | 4 |  4.0
Necromancy     | 5 |  5.0
Dodging        | |  2.4
Stealth        | |  2.4

Action                   || total
-------------------------++-------
Melee: Short sword       ||    11
 Cast: Pain              ||    22
Armor: Robe              ||     3
Dodge: Dodged            ||    16

Table legend: (Time is in decaauts)
 A = Elapsed time spent in this place.
 B = Non-inter-level travel time spent in this place.
 C = Inter-level travel time spent in this place.
 D = Time resting spent in this place.
 E = Time spent auto-exploring this place.
 F = Levels seen in this place.
 G = Mean time per level.
                   A        B        C        D        E       F      G
               +--------+--------+--------+--------+--------+-----+--------+
         Total |    384 |    384 |      0 |    205 |    100 |   1 |  384.0 |
       Dungeon |    384 |    384 |      0 |    205 |    100 |   1 |  384.0 |
               +--------+--------+--------+--------+--------+-----+--------+

Top non-repeatable levels by time:
     D:1: 384 daAuts
